 Dungeon Crawl Stone Soup version 0.31-a0-1616-gbeaec30b81 (webtiles) character file.

Game seed: 474443974029361228

7361 avis the Nimble (level 10, -6/51 HPs)
             Began as a Felid Shapeshifter on Jan 9, 2024.
             Was an Initiate of Gozag.
             Shot with an arrow by a centaur warrior (18 damage)
             ... on level 9 of the Dungeon on Jan 10, 2024.
             The game lasted 01:06:18 (11718 turns).

avis the Nimble (Felid Shapeshifter)               Turns: 11718, Time: 01:06:19

Health: -6/51      AC:  2    Str: 18    XL:     10   Next: 91%
Magic:  20/20      EV: 28    Int: 19    God:    Gozag
Gold:   1416       SH:  5    Dex: 15    Spells: 8/9 levels left
                                        Lives:  0   Deaths: 4

rFire   . .          .
                       - Unarmed
rCold   . . .        (shield unavailable)
rNeg    . . .        (body armour unavailable)
rPois   .            (helmet unavailable)
rElec   .            (cloak unavailable)
rCorr   .            (gloves unavailable)
SInv    +            (boots unavailable)
Will    ++...        A - amulet of the Past {Reflect Will+ Str+2 SH+5 Stlth+}
Stlth   +            c - +6 ring of strength
HPRegen 0.28/turn    a - ring of magical power
MPRegen 0.17/turn

%: reflection
@: flux-form, glowing
A: glow, contaminating, very small, claws 1, fangs 3, see invisible, shaggy fur
2, stealthy paws, no weapons or thrown items, no armour, multi-lived
a: Begin Untransformation, Renounce Religion, Potion Petition, Call Merchant,
Bribe Branch


You were on level 9 of the Dungeon.
You worshipped Gozag.
Gozag was most pleased with you.
You were something dangerously unstable.
You visited 2 branches of the dungeon, and saw 10 of its levels.
You also visited: Ossuary.

You collected 1544 gold pieces.
You paid 128 gold pieces to Gozag.

Inventory:

Jewellery
 a - a ring of magical power (right paw)
 c - a +6 ring of strength (left paw)
 r - a ring of positive energy
 A - the amulet of the Past (around neck) {Reflect Will+ Str+2 SH+5 Stlth+}
   (You found it on level 7 of the Dungeon)

   [amulet of reflection]

   Reflect:   It reflects blocked missile attacks.
   Str+2:     It affects your strength (+2).
   Will+:     It increases your willpower.
   SH+5:      It affects your SH (+5).
   Stlth+:    It makes you more stealthy.
Talismans
 b - a beast talisman
 f - a flux talisman (active)
Wands
 l - a wand of mindburst (9)
 v - a wand of polymorph (6)
 y - a wand of roots (17)
Scrolls
 e - a scroll of amnesia {unknown}
 g - a scroll of revelation {unknown}
 i - 3 scrolls of enchant weapon {unknown}
 j - 2 scrolls of vulnerability {unknown}
 k - a scroll of brand weapon {unknown}
 n - a scroll of noise {unknown}
 o - a scroll of butterflies {unknown}
 p - a scroll of fear {unknown}
 s - a scroll of torment {unknown}
 u - a scroll of fog {unknown}
Potions
 d - 3 potions of curing
 h - 3 potions of enlightenment
 m - 2 potions of attraction
 q - 5 potions of brilliance
 t - 2 potions of lignification
 w - a potion of mutation
 z - a potion of might {unknown}


   Skills:
 * Level 5.2 Fighting
 + Level 12.0 Dodging
 * Level 5.1 Unarmed Combat
 - Level 11.0 Shapeshifting


You had 8 spell levels left.
You knew the following spells:

 Your Spells              Type           Power      Damage    Failure   Level
a - Sting                 Conj/Alch      0%         1d3       21%         1

Your spell library contained the following spells:

 Spells                   Type           Power      Damage    Failure   Level
 Apportation              Tloc           0%         N/A       21%         1
 Foxfire                  Conj/Fire      0%         2x1d4     21%         1
 Necrotise                Necr           0%         1d4       21%         1
 Summon Small Mammal      Summ           0%         N/A       21%         1
 Ensorcelled Hibernation  Hex/Ice        0%         N/A       30%         2
 Jinxbite                 Hex            0%         N/A       30%         2
 Gell's Gravitas          Tloc           0%         N/A       52%         3
 Passwall                 Erth           0%         N/A       52%         3
 Stone Arrow              Conj/Erth      0%         3d7       52%         3
 Swiftness                Air            0%         N/A       52%         3
 Teleport Other           Tloc           0%         N/A       52%         3
 Volatile Blastmotes      Fire/Tloc      0%         2d10      52%         3
 Fulminant Prism          Conj/Alch      0%         3d5       90%         4
 Iskenderun's Mystic Bla  Conj/Tloc      0%         2d3       90%         4
 Alistair's Intoxication  Alch           0%         N/A       99%         5
 Dispersal                Tloc           0%         N/A       100%        6
 Plasma Beam              Fire/Air       0%         2x1d10    100%        6
 Starburst                Conj/Fire      0%         6d3       100%        6
 Lehudib's Crystal Spear  Conj/Erth      0%         10d2      100%        8
 Animate Armour           Summ/Erth      Unusable   N/A       N/A         4

Dungeon Overview and Level Annotations

Branches:
Dungeon (9/15)             Temple (1/1) D:7         Ossuary (visited)
   Lair: D:8-11         Orc: D:9-12

Altars:
Ashenzari
Cheibriados
Dithmenos
Elyvilon
Fedhas
Gozag
Hepliaklqana
Kikubaaqudgha
Makhleb
Nemelex Xobeh
Okawaru
Qazlal
Ru
Sif Muna
Trog
Uskayaw
Vehumet
Wu Jian
Xom
Yredelemnul
Zin
The Shining One

Portals:
Abyss: D:4

Annotations:
D:4 2 transporters, bjtr's ghost, amateur OnHW
D:8 2 transporters, HilariousDeathArtist's ghost, novice OnGl
D:9 Harold


Innate Abilities, Weirdness & Mutations

You are something dangerously unstable.
You glow with magical radiation, making you easy to see and hit.
Foes you strike become dangerously contaminated with magical radiation.
You have sharp claws.
You have razor-sharp teeth.
You have supernaturally acute eyesight. (SInv)
You are covered in thick fur. (AC +2)
Your paws help you pounce on unaware monsters.
You are incapable of wielding weapons or throwing items.
You cannot wear armour.
You gain extra lives every three experience levels.


Message History

The efreet is moderately wounded.
The efreet misses you.
You scratch the efreet but do no damage.
The efreet shudders as magic cascades through it!!
The efreet twists and deforms.
You bite the efreet.
The efreet is almost dead.
The efreet closely misses you.
You scratch the efreet.
You kill the efreet!
You now have 1416 gold pieces (gained 21).
You see here a +3 scimitar of flaming.
Found a scroll labelled XEDIKL COACS.
i - 3 scrolls labelled XEDIKL COACS (gained 1)
The centaur warrior is distracted by your dazzling golden aura.
The centaur warrior is no longer distracted by gold.
The centaur warrior shouts!
The centaur warrior unwields a +0 falchion.
The centaur warrior wields a +0 orcbow.
The centaur warrior shoots an arrow.
The arrow completely misses you.
The centaur warrior shoots an arrow.
The arrow completely misses you.
The centaur warrior shoots an arrow.
The arrow hits you!
There is an open door, spattered with blood here.
The yak bellows!
The centaur warrior shoots an arrow.
The arrow hits you!!
Ouch! That really hurt!
* * * LOW HITPOINT WARNING * * *
Found a potion of curing and a +0 dagger.
The centaur warrior shoots an arrow.
The arrow hits you!
You die...
Your shape twists and changes as you die.
You rejoin the land of the living...
The centaur warrior shouts!
The centaur warrior unwields a +0 hand axe.
The centaur warrior wields a +0 shortbow.
The centaur warrior shoots an arrow.
The arrow hits you!
The centaur warrior shoots an arrow.
The arrow hits you!!
* * * LOW HITPOINT WARNING * * *
The centaur warrior shoots an arrow.
The arrow hits you!!
You die...
Your body crumbles into a pile of gold.

.###
##...####....#####
#..# ...####..###
###......# ##..#
....#...##
###...#######...#
.......##
##......#.....##
....C.○#
#...#..........#
...☼..##
##..####....##...
..R...# ##..###
#...(###.. .#....#
###...###...#...##..
@#....#
#..p...........)....
......#
#.c..#####+#########'#
................
#...#.#
#....)...$.####.
#.#.... #.........
#.#. .#..##)#
.......... #.#.
#..##.#.#. ..........
#.+.. #..'...#.#
.......... #.#..#
#..##.#.#. .......#.
#...###...#..##.#


You could see a centaur warrior.

Vanquished Creatures
  A centaur warrior (D:9)
  Pikel (D:6)
  Maurice (D:8)
  A cyclops (D:9)
  Maggie (D:8)
  An efreet (D:9)
  A troll (D:8)
  Prince Ribbit (D:8)
  A vampire (D:9)
  4 yaks
  A steam dragon (D:5)
  A basilisk (D:9)
  2 water moccasins
  5 orc warriors
  A sky beast (D:8)
  A black bear (D:6)
  An ogre (D:3)
  2 lemures (D:5)
  3 centaurs
  A bullfrog (D:8)
  2 kobold brigands (D:8)
  3 scorpions
  2 gnoll sergeants
  2 water moccasin zombies (Ossuary)
  4 wights (D:6)
  A burial acolyte (Ossuary)
  5 killer bees (D:7)
  A howler monkey (D:5)
  4 hounds
  11 orc priests
  2 bombardier beetles
  A gnoll bouda (D:7)
  4 iguanas
  9 orc wizards
  A crocodile zombie (Ossuary)
  A bullfrog simulacrum (Ossuary)
  2 mummies (Ossuary)
  9 gnolls
  9 adders
  3 shadow imps
  A white imp (D:5)
  6 ufetubi
  4 adder zombies (Ossuary)
  A ribbon worm (D:5)
  3 dart slugs
  56 orcs
  8 endoplasms
  4 giant cockroaches
  7 gnoll zombies (Ossuary)
  6 goblins
  4 hobgoblins
  6 jackals
  16 kobolds
  A quokka (D:1)
  8 ball pythons
  7 bats
  4 frilled lizards
  A goblin zombie (D:5)
  3 jackal zombies (Ossuary)
  4 orc zombies (Ossuary)
  5 rats
  A rat zombie (D:5)
263 creatures vanquished.

Vanquished Creatures (others)
  2 kobolds (D:9)
2 creatures vanquished.

Grand Total: 265 creatures vanquished

Notes
Turn   | Place    | Note
-------+----------+-------------------------------------------
     0 | D:1      | avis the Felid Shapeshifter began the quest for the Orb.
     0 | D:1      | Reached XP level 1. HP: 10/10 MP: 2/2
     6 | D:1      | Noticed a black bear
     6 | D:1      | Noticed a brain worm
     6 | D:1      | Noticed a snapping turtle
     7 | D:1      | Noticed an anaconda
     7 | D:1      | Noticed a four-headed hydra
   195 | D:1      | Reached XP level 2. HP: 12/14 MP: 3/3
   443 | D:1      | You fall into a shaft and drop 1 floor!
   878 | D:2      | Reached XP level 3. HP: 17/18 MP: 4/4
  1381 | D:3      | Found a snail-covered altar of Cheibriados.
  1710 | D:3      | Reached XP level 4. HP: 23/23 MP: 5/5
  1710 | D:3      | Gained a life (2 lives remaining)
  2137 | D:3      | Reached XP level 5. HP: 23/26 MP: 6/6
  2316 | D:3      | Noticed an ogre
  2323 | D:3      | Killed an ogre
  2324 | D:3      | Reached skill level 5 in Shapeshifting
  2324 | D:3      | Reached skill level 3 in Dodging
  2373 | D:3      | Gained mutation: You are covered in thick fur. (AC +2)
                  | [Felid growth]
  2373 | D:3      | Reached XP level 6. HP: 30/30 MP: 7/7
  2706 | D:4      | Noticed a small abomination
  2723 | D:4      | Found a transporter.
  2723 | D:4      | Found a one-way gate to the infinite horrors of the Abyss.
  2723 | D:4      | Noticed bjtr's ghost (amateur OnHW)
  2728 | D:4      | Found a transporter.
  2864 | D:4      | Reached skill level 4 in Dodging
  2964 | D:4      | Noticed a yak
  3091 | D:4      | Killed a yak
  3092 | D:4      | Reached skill level 6 in Dodging
  3097 | D:4      | Shot with an arrow by a centaur
  3097 | D:4      | Lost a life (1 life remaining)
  3113 | D:4      | Reached XP level 7. HP: 22/35 MP: 8/8
  3113 | D:4      | Gained a life (2 lives remaining)
  3116 | D:4      | Learned a level 1 spell: Sting
  3828 | D:5      | Entered Level 5 of the Dungeon
  3868 | D:5      | Found a sand-covered staircase.
  3945 | Ossuary  | Entered an ossuary
  4412 | D:5      | Found a basalt altar of Yredelemnul.
  4470 | D:5      | Noticed a steam dragon
  4482 | D:5      | Killed from afar by a steam dragon
  4482 | D:5      | Lost a life (1 life remaining)
  4526 | D:5      | Killed a steam dragon
  4527 | D:5      | Reached XP level 8. HP: 11/40 MP: 9/9
  4659 | D:5      | Found an ancient bone altar of Kikubaaqudgha.
  4700 | D:5      | Reached skill level 7 in Dodging
  4896 | D:5      | Reached skill level 8 in Dodging
  5098 | D:5      | Found a white marble altar of Elyvilon.
  5324 | D:5      | Found an opulent altar of Gozag.
  5333 | D:5      | Became a worshipper of Gozag Ym Sagoz the Greedy
  5774 | D:5      | Reached skill level 9 in Dodging
  5984 | D:6      | Noticed Pikel
  5997 | D:6      | Killed Pikel
  5998 | D:6      | Reached XP level 9. HP: 44/44 MP: 10/10
  6691 | D:7      | Identified the amulet of the Past {Reflect Will+ Str+2 SH+5
                  | Stlth+}
  6710 | D:6      | Upgraded the game from 0.31-a0-1611-g890cdf5628 to
                  | 0.31-a0-1616-gbeaec30b81
  8035 | D:7      | Reached skill level 10 in Shapeshifting
  8063 | D:7      | Found a staircase to the Ecumenical Temple.
  8072 | Temple   | Entered the Ecumenical Temple
  8697 | D:7      | Reached skill level 5 in Fighting
  9542 | D:7      | Found a stormy altar of Qazlal.
  9994 | D:8      | Noticed Maurice
  9994 | D:8      | Noticed Maggie
 10018 | D:8      | Killed Maggie
 10019 | D:8      | Reached skill level 10 in Dodging
 10019 | D:8      | Reached XP level 10. HP: 36/51 MP: 11/11
 10019 | D:8      | Gained a life (2 lives remaining)
 10024 | D:8      | Killed Maurice
 10091 | D:8      | Reached skill level 11 in Dodging
 10559 | D:8      | Noticed Prince Ribbit
 10578 | D:8      | Killed Prince Ribbit
 10643 | D:8      | Found a transporter.
 10670 | D:8      | Found a transporter.
 10677 | D:8      | Noticed HilariousDeathArtist's ghost (novice OnGl)
 10683 | D:8      | Reached skill level 12 in Dodging
 10914 | D:9      | Noticed Harold
 11139 | D:9      | Noticed a centaur warrior
 11151 | D:9      | Killed a centaur warrior
 11152 | D:9      | Reached skill level 5 in Unarmed Combat
 11183 | D:9      | Noticed a cyclops
 11183 | D:9      | Noticed a cyclops
 11184 | D:9      | Noticed a centaur warrior
 11291 | D:9      | Noticed a cyclops
 11459 | D:9      | Killed a cyclops
 11480 | D:9      | Noticed a centaur warrior
 11484 | D:9      | HP: 1/51 [efreet/fireball (33)]
 11485 | D:9      | Mangled by an efreet
 11485 | D:9      | Lost a life (1 life remaining)
 11486 | D:9      | Found a glowing golden altar of the Shining One.
 11709 | D:9      | Shot with an arrow by a centaur warrior
 11709 | D:9      | Lost a life (0 lives remaining)
 11718 | D:9      | Shot with an arrow by a centaur warrior

Illustrated notes

Levels and vault maps discovered:
D:1:      onia_arrival_zoo_common, layout_rooms, serial_bayou_crossing
D:2:      layout_rooms
D:3:      layout_loops_corners, amcnicky_altar_gilded, chequers_arboretum
D:4:      minmay_chambers_of_fours, layout_loops_corners,
          gammafunk_ghost_abyssal_escape
D:5:      layout_gridville, kennysheep_ying_yang, kiku_gazebo_pond_becter,
          nicolae_gozag_cash_rules_everything_around_me, enter_ossuary_4,
          minmay_manual_mail
D:6:      layout_loops_cross, nrook_mini_backslash, uniq_pikel
D:7:      layout_layer_cave, mainiacjoe_overflow_24_doors,
          minmay_temple_entry_poolview
D:8:      layout_basic, special_room [special_room_orc],
          gammafunk_ghost_stat_death, uniq_maurice, uniq_prince_ribbit1,
          uniq_maggie
D:9:      minmay_the_grid_4x2 [minmay_the_grid_outer_circle,
          minmay_the_grid_odd_star, minmay_the_grid_holed_spiral,
          minmay_the_grid_paths, minmay_the_grid_dragon_a,
          minmay_the_grid_box_x, minmay_the_grid_eight,
          minmay_the_grid_prize_four_corners], layout_layer_cave, tso_altar,
          enter_bailey_2, grunt_ministairs_5, statue_in_the_mist_lemuel,
          uniq_harold
Temple:   hellmonk_temple_two_chambers

Skill      XL: |  1  2  3  4  5  6  7  8  9 10 |
---------------+-------------------------------+-----
Shapeshifting  | 3 4 5 7 8 10 11 | 11.0
Fighting       | 2 3 5 |  5.2
Dodging        | 3 6 9 10 12 | 12.0
Unarmed Combat | 5 |  5.1

Action                     |  1- 3 |  4- 6 |  7- 9 | 10-12 || total
---------------------------+-------+-------+-------+-------++-------
  Melee: Unarmed           |   106 |    84 |   520 |   184 ||   894
         Bite              |    10 |     9 |    89 |    24 ||   132
         Punch             |     2 |     2 |       |       ||     4
   Cast: Sting             |       |       |    89 |    52 ||   141
  Evoke: Wand              |       |       |     1 |     1 ||     2
    Use: Scroll            |       |     2 |     4 |     2 ||     8
         Potion            |       |     3 |     5 |     1 ||     9
   Stab: Sleeping          |     5 |     3 |       |       ||     8
         Distracted        |       |       |     1 |       ||     1
 Armour: Skin              |    36 |    47 |   106 |    32 ||   221
  Dodge: Dodged            |    75 |    65 |   533 |   156 ||   829
  Block: Other             |       |       |    55 |    50 ||   105
         Reflection        |       |       |     2 |    11 ||    13
   Form: Flux              |       |       |     1 |       ||     1

Table legend: (Time is in decaauts)
 A = Elapsed time spent in this place.
 B = Non-inter-level travel time spent in this place.
 C = Inter-level travel time spent in this place.
 D = Time resting spent in this place.
 E = Time spent auto-exploring this place.
 F = Levels seen in this place.
 G = Mean time per level.
                   A        B        C        D        E       F      G
               +--------+--------+--------+--------+--------+-----+--------+
         Total |  11716 |  10861 |    855 |   2984 |   4246 |  11 | 1065.1 |
       Dungeon |  11393 |  10538 |    855 |   2875 |   4246 |   9 | 1265.9 |
        Temple |      5 |      5 |      0 |      0 |      0 |   1 |    5.0 |
       Ossuary |    317 |    317 |      0 |    109 |      0 |   1 |  317.0 |
               +--------+--------+--------+--------+--------+-----+--------+

Top non-repeatable levels by time:
     D:7: 2053 daAuts
     D:6: 2035 daAuts
     D:5: 1649 daAuts
     D:8: 1352 daAuts
     D:3: 1305 daAuts
     D:4: 1219 daAuts
     D:1: 731 daAuts
     D:2: 616 daAuts
     D:9: 431 daAuts
 Ossuary: 317 daAuts
  Temple: 5 daAuts
